 Dungeon Crawl Stone Soup version 0.27.0-65-ge2af304b15 (webtiles) character file.

Game seed: 6126002339281326628

876 Ishikawa the Magician (level 8, -1/56 HPs)
             Began as a Human Hedge Wizard on Aug 19, 2021.
             Was an Initiate of Sif Muna.
             Slain by a vampire mosquito (8 damage)
             ... on level 6 of the Dungeon.
             The game lasted 00:22:09 (6906 turns).

Ishikawa the Magician (Human Hedge Wizard)          Turns: 6906, Time: 00:22:10

Health: -1/56      AC:  3    Str: 11    XL:     8   Next: 25%
Magic:  13/15      EV: 12    Int: 16    God:    Sif Muna [......]
Gold:   224        SH:  0    Dex: 13    Spells: 8/16 levels left

rFire    . . .     SeeInvis .   t - +2 dire flail (holy)
rCold    . . .     Faith    .   (shield currently unavailable)
rNeg     . . .     Spirit   .   h - +0 robe
rPois    +         Reflect  .   c - +0 hat
rElec    .         Harm     .   (no cloak)
rCorr    .         Rampage  .   o - +0 pair of gloves
Will     +....                  (no boots)
Stlth    ++........             j - amulet of magic regeneration
HPRegen  0.18/turn              s - ring of poison resistance
MPRegen  0.39/turn              b - ring of willpower

@: no status effects
A: no striking features
a: Renounce Religion


You were on level 6 of the Dungeon.
You worshipped Sif Muna.
Sif Muna was noncommittal.
You visited 2 branches of the dungeon, and saw 7 of its levels.

You collected 224 gold pieces.

Inventory:

Hand Weapons
 m - a +2 flail of venom
 t - a +2 dire flail of holy wrath (weapon)
 x - a +2 broad axe of flaming
Armour
 c - a +0 hat (worn)
 h - a +0 robe (worn)
 o - a +0 pair of gloves (worn)
Magical Staves
 u - a staff of fire
Jewellery
 b - a ring of willpower (right hand)
 j - an amulet of magic regeneration (around neck)
 s - a ring of poison resistance (left hand)
Wands
 p - a wand of polymorph (8)
 r - a wand of digging (4)
 v - a wand of flame (12)
Scrolls
 a - 4 scrolls of identify
 e - a scroll of summoning {unknown}
 g - 2 scrolls of noise
 l - a scroll of enchant weapon {unknown}
 q - a scroll of blinking {unknown}
Potions
 d - a potion of invisibility
 f - a potion of flight
 i - 2 potions of degeneration {unknown}
 k - 2 potions of heal wounds {unknown}
 n - a potion of curing
 w - a potion of mutation {unknown}


   Skills:
 - Level 2.0 Fighting
 * Level 2.7 Maces & Flails
 + Level 2.4 Dodging
 + Level 2.4 Stealth
 + Level 4.8 Spellcasting
 * Level 3.1 Conjurations
 * Level 4.6 Summonings
 - Level 2.0 Translocations
 * Level 2.2 Fire Magic


You had 8 spell levels left.
You knew the following spells:

 Your Spells              Type           Power      Damage    Failure   Level
a - Magic Dart            Conj           52%        1d5       4%          1
b - Call Imp              Summ           18%        N/A       3%          2
c - Blink                 Tloc           N/A        N/A       11%         2
d - Conjure Flame         Conj/Fire      12%        6-21      16%         3

Your spell library contained the following spells:

 Spells                   Type           Power      Damage    Failure   Level
 Ensorcelled Hibernation  Hex/Ice        6%         N/A       24%         2
 Slow                     Hex            3%         N/A       24%         2
 Mephitic Cloud           Conj/Pois/Air  7%         N/A       30%         3
 Portal Projectile        Hex/Tloc       14%        N/A       30%         3
 Spider Form              Tmut/Pois      1%         N/A       43%         3
 Shadow Creatures         Summ           N/A        N/A       98%         6
 Blade Hands              Tmut           1%         N/A       99%         5
 Excruciating Wounds      Necr           1%         N/A       99%         5


Dungeon Overview and Level Annotations

Branches:
Dungeon (6/15)             Temple (1/1) D:6

Altars:
Ashenzari
Cheibriados
Elyvilon
Fedhas
Gozag
Makhleb
Nemelex Xobeh
Okawaru
Sif Muna
Trog
Yredelemnul
The Shining One

Annotations:
D:3 1 runed translucent door
D:5 3 runed translucent doors, Ijustatesigmund's ghost, novice HOFi


Message History

The vampire mosquito draws strength from your injuries!
The vampire mosquito barely misses you. The vampire mosquito bites you.
The vampire mosquito draws strength from your injuries!
The vampire mosquito bites you but does no damage.
You puncture the vampire mosquito!
The vampire mosquito convulses!
The vampire mosquito is almost destroyed.
The vampire mosquito bites you but does no damage.
The vampire mosquito bites you!
The vampire mosquito draws strength from your injuries!
You barely miss the vampire mosquito.
The vampire mosquito is severely damaged.
The vampire mosquito bites you.
The vampire mosquito draws strength from your injuries!
The vampire mosquito barely misses you.
You closely miss the vampire mosquito.
The vampire mosquito is severely damaged.
The vampire mosquito bites you!
The vampire mosquito draws strength from your injuries!
The vampire mosquito closely misses you. x2
You closely miss the vampire mosquito.
The vampire mosquito is heavily damaged.
The vampire mosquito bites you!
The vampire mosquito draws strength from your injuries!
The vampire mosquito barely misses you.
Casting: Conjure Flame (dangerous; 16% risk of failure)
Confirm with . or Enter, or press ? or * to list all spells.
Aiming: Magic Dart (safe; 4% risk of failure)
Press: ? - help, Shift-Dir - straight line, f/p - vampire mosquito
Aim: a vampire mosquito (moderately damaged, 100% to hit)
The magic dart hits the vampire mosquito.
The vampire mosquito is moderately damaged.
The vampire mosquito bites you!
* * * LOW HITPOINT WARNING * * *
The vampire mosquito draws strength from your injuries!
The vampire mosquito bites you.
* * * LOW HITPOINT WARNING * * *
The vampire mosquito draws strength from your injuries!
You closely miss the vampire mosquito. The vampire mosquito bites you!
You die...

#.#.#.# #.#.#.#
#y# #.#.#.# #.#
#.#.#.# #.#
#.#.#.# #y#
#.#.#.# #.#
#.#.#.# #.#
#.#.#.#########.##
#.#.........@y.°.#
#.###.############
#.....# #######


You could see a vampire mosquito.

Vanquished Creatures
  Edmund (D:6)
  Blork the orc (D:6)
  A scorpion (D:6)
  A water moccasin zombie (D:5)
  2 hounds (D:6)
  A jelly (D:6)
  2 iguanas (D:6)
  A hound skeleton (D:3)
  A howler monkey skeleton (D:5)
  An adder (D:4)
  An adder skeleton (D:5)
  A worm (D:3)
  5 dart slugs
  8 orcs
  6 ball pythons
  4 endoplasms
  5 giant cockroaches
  5 goblins
  5 hobgoblins
  14 jackals
  4 kobolds
  A quokka (D:4)
  4 bats
  A frilled lizard (D:3)
  3 rats
79 creatures vanquished.

Vanquished Creatures (collateral kills)
  A water moccasin (D:6)
  An orc warrior (D:4)
  An ogre (D:4)
  The ghost of mora the Firebug, an amateur OpFE (D:3)
  A bullfrog (D:3)
  A water moccasin skeleton (D:5)
  A howler monkey (D:4)
  A hound (D:4)
  4 adders
  A river rat (D:3)
  3 worms
  2 orcs
  A ball python (D:3)
  2 endoplasms (D:1)
  A goblin (D:3)
  3 hobgoblins
  2 jackals
27 creatures vanquished.

Vanquished Creatures (others)
  5 bushes (D:4)
  3 plants (D:3)
8 creatures vanquished.

Grand Total: 114 creatures vanquished

Notes
Turn   | Place    | Note
-------+----------+-------------------------------------------
     0 | D:1      | Ishikawa the Human Hedge Wizard began the quest for the
                  | Orb.
     0 | D:1      | Reached XP level 1. HP: 13/13 MP: 4/4
    98 | D:1      | Found a faded altar of an unknown god.
   533 | D:1      | Reached XP level 2. HP: 14/20 MP: 1/6
   536 | D:1      | Learned a level 2 spell: Call Imp
   539 | D:1      | Learned a level 2 spell: Blink
  1359 | D:1      | Reached XP level 3. HP: 25/25 MP: 4/7
  1773 | D:2      | Learned a level 3 spell: Conjure Flame
  1872 | D:2      | Reached skill level 1 in Fighting
  2373 | D:2      | Reached XP level 4. HP: 32/32 MP: 5/9
  3123 | D:3      | Found a runed translucent door.
  3128 | D:3      | Noticed mora's ghost (amateur OpFE)
  3128 | D:3      | Noticed a bullfrog
  3157 | D:3      | Killed a bullfrog
  3158 | D:3      | Reached XP level 5. HP: 34/37 MP: 2/10
  3179 | D:3      | Killed mora's ghost
  3180 | D:3      | Reached skill level 1 in Fire Magic
  3199 | D:3      | Found a runed translucent door.
  3326 | D:3      | Found a bloodstained altar of Trog.
  3406 | D:3      | Reached XP level 6. HP: 38/44 MP: 9/11
  3805 | D:3      | Found an iron altar of Okawaru.
  4178 | D:4      | Found an opulent altar of Gozag.
  4203 | D:4      | Noticed an orc warrior
  4219 | D:4      | Killed an orc warrior
  4663 | D:4      | Noticed an ogre
  4684 | D:4      | Killed an ogre
  4767 | D:4      | Reached XP level 7. HP: 50/50 MP: 13/13
  5009 | D:5      | Entered Level 5 of the Dungeon
  5009 | D:5      | Found a runed translucent gate.
  5009 | D:5      | Found a runed translucent gate.
  5009 | D:5      | Found a runed translucent gate.
  5009 | D:5      | Noticed Ijustatesigmund's ghost (novice HOFi)
  5009 | D:5      | Noticed a two-headed ogre
  5175 | D:5      | Reached skill level 1 in Maces & Flails
  5417 | D:6      | Found a staircase to the Ecumenical Temple.
  5417 | D:6      | Noticed a water moccasin
  5498 | D:6      | Killed a water moccasin
  5822 | D:6      | Noticed Edmund
  6057 | D:6      | Killed Edmund
  6058 | D:6      | Reached XP level 8. HP: 8/56 MP: 13/15
  6370 | Temple   | Entered the Ecumenical Temple
  6411 | Temple   | Became a worshipper of Sif Muna the Loreminder
  6700 | D:6      | Noticed Blork the orc
  6723 | D:6      | Killed Blork the orc
  6906 | D:6      | Slain by a vampire mosquito

Illustrated notes

Levels and vault maps discovered:
D:1:      ncdulo_lavacross, layout_rooms,
          shapermc_ecumenical_altar_totnotflames, hex_intersection
D:2:      wander_river, layout_loops_ring, minmay_hexomino_u4
D:3:      layout_basic, marbit_many_paths, lightli_temple_of_fire,
          ebering_ghost_sewer_f, minivault_19, serial_bayou_ford_a
D:4:      layout_gridville, general_overflow_altar, minmay_misc_feat_nine_boxes,
          moated_statue, minmay_hedge_maze, kennysheep_opposing_triangles
D:5:      layout_rooms, nicolae_ru_path_of_blood, biasface_ghost_orc_armoury
D:6:      layout_basic, temple_statues, uniq_edmund, uniq_blork_the_orc
Temple:   compressed_dpeg_triangle_lava_temple

Skill      XL: |  1  2  3  4  5  6  7 |
---------------+----------------------+-----
Fighting       | 1 2 |  2.0
Conjurations   | 2 3 |  3.1
Summonings     | 2 3 4 |  4.6
Translocations | 2 |  2.0
Fire Magic     | 1 2 |  2.2
Spellcasting   | 4 |  4.8
Maces & Flails | 2 |  2.7
Dodging        | |  2.4
Stealth        | |  2.4

Action                   |  1- 3 |  4- 6 |  7- 9 || total
-------------------------+-------+-------+-------++-------
Melee: Dagger            |    67 |       |       ||    67
       Short sword       |     1 |    59 |       ||    60
       Flail             |       |    20 |    56 ||    76
       Dire flail        |       |       |    11 ||    11
 Cast: Magic Dart        |    56 |    52 |    19 ||   127
       Call Imp          |     8 |    23 |    25 ||    56
       Conjure Flame     |       |       |     5 ||     5
  Use: Scroll            |       |     2 |     2 ||     4
 Stab: Sleeping          |       |     1 |       ||     1
Armor: Robe              |    16 |     9 |    16 ||    41
Dodge: Dodged            |    53 |    61 |    46 ||   160
